 Dungeon Crawl Stone Soup version 0.30-a0-272-gf98c3da03f (webtiles) character file.

Game seed: 8914183356364549269

80 timneilson the Covered (level 4, -3/28 HPs)
             Began as a Gargoyle Fighter on Oct 15, 2022.
             Slain by Sigmund
             ... wielding a +0 scythe
              (8 damage)
             ... on level 2 of the Dungeon.
             The game lasted 00:03:32 (1336 turns).

timneilson the Covered (Gargoyle Fighter)           Turns: 1336, Time: 00:03:32

Health: -3/28      AC: 10    Str: 21    XL:     4   Next: 39%
Magic:  4/4        EV:  9    Int:  9    God:
Gold:   102        SH:  4    Dex:  9    Spells: 3/3 levels left

rFire   . . .      SeeInvis .    a - +1 long sword
rCold   . . .      Faith    .    c - +0 buckler
rNeg    + . .      Spirit   .    b - +0 scale mail
rPois   ∞          Reflect  .    (no helmet)
rElec   +          Harm     .    (no cloak)
rCorr   .          Rampage  .    (no gloves)
Will    .....                    (no boots)
Stlth   ..........               (no amulet)
HPRegen 0.24/turn                (no ring)
MPRegen 0.09/turn                (no ring)

@: mighty
A: sickness immunity, AC +3, negative energy resistance 1, electricity
resistance, torment resistance 1, petrification resistance
a: no special abilities


You were on level 2 of the Dungeon.
You visited 1 branch of the dungeon, and saw 2 of its levels.

You collected 102 gold pieces.

Inventory:

Hand Weapons
 a - a +1 long sword (weapon)
Armour
 b - a +0 scale mail (worn)
 c - a +0 buckler (worn)
Scrolls
 f - 4 scrolls of teleportation
Potions
 e - 2 potions of degeneration {unknown}
 g - a potion of haste {unknown}
 i - a potion of heal wounds {unknown}
 j - a potion of mutation {unknown}


   Skills:
 + Level 3.6 Fighting
 * Level 2.5 Long Blades
 * Level 4.1 Armour
 + Level 0.7 Dodging
 * Level 3.9 Shields


You had 3 spell levels left.
You didn't know any spells.
Your spell library contained the following spells:

 Spells                   Type           Power      Damage    Failure   Level
 Magic Dart               Conj           0%         1d3       80%         1
 Searing Ray              Conj           0%         2d4       91%         2
 Dazzling Flash           Conj/Hex       0%         N/A       99%         3
 Ozocubu's Armour         Ice            0%         N/A       99%         3
 Fulminant Prism          Conj/Hex       0%         3d6       100%        4
 Iskenderun's Mystic Bla  Conj/Tloc      0%         2d3       100%        4
 Metabolic Englaciation   Hex/Ice        0%         N/A       100%        5
 Simulacrum               Ice/Necr       0%         N/A       100%        6
 Starburst                Conj/Fire      0%         6d3       100%        6


Dungeon Overview and Level Annotations

Branches:
Dungeon (2/15)

Altars:

Annotations:
D:2 Sigmund


Innate Abilities, Weirdness & Mutations

You are immune to sickness and miasma.
Your stone body is resilient. (AC +3)
You are immune to poison.
You resist negative energy. (rN+)
You are resistant to electric shocks. (rElec)
You are resistant to unholy torment.
You are immune to petrification.


Message History

You miss the adder. The bat closely misses you. The adder bites you.
Sigmund closely misses you. The bat closely misses you.
The adder barely misses you.
You closely miss the adder. You block the bat's attack. The bat misses you.
The adder closely misses you.
Sigmund hits you from afar with a +0 scythe!
The adder bites you but does no damage. The bat barely misses you.
You barely miss the adder. The bat barely misses you.
The bat closely misses you. The adder bites you but does no damage.
Sigmund barely misses you. The adder bites you.
You miss the adder. The bat hits you but does no damage.
The adder closely misses you. You block Sigmund's attack. The bat hits you.
* * * LOW HITPOINT WARNING * * *
You miss the adder. The adder barely misses you.
The adder bites you but does no damage. Sigmund closely misses you.
You slash the adder!
The adder is almost dead.
The adder bites you but does no damage. Sigmund barely misses you.
The adder bites you.
* * * LOW HITPOINT WARNING * * *
You barely miss the adder.
The adder is almost dead.
The adder closely misses you.
You barely miss the adder.
The adder is almost dead.
The adder bites you but does no damage. Sigmund barely misses you.
The adder bites you.
* * * LOW HITPOINT WARNING * * *
You slash the adder!
You kill the adder!
Sigmund completely misses you. Sigmund closely misses you.
You see here an adder corpse.
You hit Sigmund.
Sigmund is lightly wounded.
Sigmund hits you but does no damage.
You slash Sigmund!
Sigmund is heavily wounded.
Sigmund hits you with a +0 scythe!
You die...

####### ###### .......
#)...#### .......
###....†..# ......@#####
#.........# .......@...#
#.........#
.......###.###...##.....
.......>.........##.....
.................##.....
##########...#...##.....
###.#...###+###
#............
###...###....
#..........


You could see Sigmund.

Vanquished Creatures
  2 adders (D:2)
  A worm (D:2)
  2 dart slugs (D:1)
  5 ball pythons
  4 bats
  5 endoplasms
  3 giant cockroaches
  4 goblins (D:1)
  2 hobgoblins
  12 jackals
  A quokka (D:2)
  3 kobolds (D:1)
  4 rats
48 creatures vanquished.

Notes
Turn   | Place    | Note
-------+----------+-------------------------------------------
     0 | D:1      | timneilson the Gargoyle Fighter began the quest for the
                  | Orb.
     0 | D:1      | Reached XP level 1. HP: 14/14 MP: 1/1
   163 | D:1      | Reached XP level 2. HP: 19/19 MP: 2/2
   458 | D:1      | Reached XP level 3. HP: 20/23 MP: 3/3
   542 | D:1      | Found a faded altar of an unknown god.
  1000 | D:2      | Reached skill level 4 in Armour
  1014 | D:2      | Reached XP level 4. HP: 7/28 MP: 4/4
  1315 | D:2      | Noticed Sigmund
  1336 | D:2      | Slain by Sigmund

Illustrated notes

Levels and vault maps discovered:
D:1:      wander_arrival_abandoned_jail, layout_loops_ring, serial_glass,
          glass_columns_c, glass_columns_c, glass_columns_b, glass_columns_a,
          glass_columns_c, glass_columns_a, glass_columns_b, glass_columns_b,
          shapermc_ecumenical_altar_notcrosses
D:2:      layout_basic, uniq_sigmund

Skill      XL: |  1  2  3 |
---------------+----------+-----
Long Blades    | 2 |  2.5
Armour         | 4 |  4.1
Fighting       | |  3.6
Dodging        | |  0.7
Shields        | |  3.9

Action                   |  1- 3 |  4- 6 || total
-------------------------+-------+-------++-------
Melee: Long sword        |   169 |    40 ||   209
  Use: Scroll            |     3 |       ||     3
       Potion            |       |     1 ||     1
Armor: Scale mail        |   166 |    21 ||   187
Dodge: Dodged            |   129 |    36 ||   165
Block: Buckler           |    61 |     9 ||    70

Table legend: (Time is in decaauts)
 A = Elapsed time spent in this place.
 B = Non-inter-level travel time spent in this place.
 C = Inter-level travel time spent in this place.
 D = Time resting spent in this place.
 E = Time spent auto-exploring this place.
 F = Levels seen in this place.
 G = Mean time per level.
                   A        B        C        D        E       F      G
               +--------+--------+--------+--------+--------+-----+--------+
         Total |   1404 |   1368 |     36 |      0 |    943 |   2 |  702.0 |
       Dungeon |   1404 |   1368 |     36 |      0 |    943 |   2 |  702.0 |
               +--------+--------+--------+--------+--------+-----+--------+

Top non-repeatable levels by time:
     D:1: 1038 daAuts
     D:2: 365 daAuts
